[Event "Titled Tuesday Blitz August 22 Early 2023"]
[White "Bortnyk, Olexandr"]
[Black "Kovalev, Vladislav"]
[WhiteFideId "14120828"]
[BlackFideId "13504398"]
[WhiteElo "3052"]
[BlackElo "2925"]
[Result "0-1"]
[Round "11"]
[TimeControl "180+1"]
[Date "2023.08.22"]
[WhiteClock "0:00:02"]
[BlackClock "0:00:03"]
[Board "8"]

1. e4 e5 2. Bc4 Nf6 3. d3 c6 4. Nf3 d5 5. Bb3 a5 6. a3 Bd6 7. Nc3 d4 8. Ne2 a4 9. Ba2 Nbd7 10. O-O O-O 11. h3 b5 12. Bg5 h6 13. Bh4 Re8 14. g4 Nf8 15. g5 hxg5 16. Nxg5 Be6 17. Bxe6 Nxe6 18. Nxe6 Rxe6 19. f4 Qc7 20. f5 Ree8 21. Ng3 Kf8 22. Nh5 Nxh5 23. Qxh5 f6 24. Kf2 Qf7 25. Qg4 Ke7 26. Rg1 Rh8 27. Bg3 c5 28. Bh2 c4 29. Rg3 Rh7 30. Qe2 Rc8 31. Kg2 c3 32. b4 axb3 33. cxb3 Qxb3 34. Kh1 c2 35. Rgg1 Bxa3 36. Bxe5 Rxh3+ 37. Kg2 Qxd3 38. Qg4 Rh7 39. Bf4 Qxe4+ 40. Kf2 Kd7 41. Rxa3 c1=Q 42. Rxc1 Rxc1 43. Ra7+ Kc8 44. Qg3 Rc2+ 45. Kg1 Rh1# 0-1


[Site "https://www.chess.com"]

[Event "Titled Tuesday Blitz August 22 Early 2023"]
[White "Ibrahimli, Murad"]
[Black "Martinez Alcantara, Jose Eduardo"]
[WhiteFideId "13410229"]
[BlackFideId "3805662"]
[WhiteElo "2880"]
[BlackElo "3031"]
[Result "1-0"]
[Round "11"]
[TimeControl "180+1"]
[Date "2023.08.22"]
[WhiteClock "0:00:15"]
[BlackClock "0:00:00"]
[Board "9"]

1. c4 Nf6 2. Nc3 g6 3. e4 d6 4. d4 Bg7 5. Be2 O-O 6. Be3 Nbd7 7. Qd2 e5 8. d5 Nc5 9. f3 a5 10. g4 c6 11. Nh3 cxd5 12. cxd5 a4 13. Nf2 Bd7 14. Nb5 Qb6 15. Na3 Qc7 16. Rc1 b6 17. O-O Rfc8 18. Rc2 Qb7 19. Nb5 Ne8 20. Rfc1 Kh8 21. Kh1 f5 22. gxf5 gxf5 23. exf5 Bxf5 24. Rc4 Qd7 25. Rh4 Nf6 26. Rg1 Rg8 27. Nc3 Raf8 28. Bb5 Qf7 29. Bc4 e4 30. fxe4 Bg6 31. e5 dxe5 32. b3 axb3 33. axb3 Bf5 34. Qe2 Qd7 35. Bxc5 bxc5 36. Nfe4 Nxe4 37. Nxe4 Bf6 38. Nxf6 Rxg1+ 39. Kxg1 Rxf6 40. Qxe5 Qg7+ 41. Kh1 Bc2 42. Rf4 Rxf4 43. Qxf4 Qa1+ 44. Kg2 Qg7+ 45. Kf2 Qg6 46. Qe5+ Qg7 47. Qxg7+ Kxg7 48. Ke3 Kf6 49. Kf4 h6 50. d6 Bd1 51. Ke4 Bg4 52. Kd5 1-0


[Site "https://www.chess.com"]

[Event "Titled Tuesday Blitz August 22 Early 2023"]
[White "Bachmann, Axel"]
[Black "Andreikin, Dmitry"]
[WhiteFideId "3700488"]
[BlackFideId "4158814"]
[WhiteElo "2869"]
[BlackElo "2996"]
[Result "1/2-1/2"]
[Round "11"]
[TimeControl "180+1"]
[Date "2023.08.22"]
[WhiteClock "0:00:08"]
[BlackClock "0:00:08"]
[Board "10"]

1. e4 e5 2. Bc4 Nf6 3. d3 Nc6 4. Nc3 Bb4 5. Ne2 d5 6. exd5 Nxd5 7. O-O Be6 8. Bxd5 Bxd5 9. f4 f6 10. fxe5 Nxe5 11. Nxd5 Qxd5 12. d4 Ng6 13. c3 Bd6 14. Nf4 Bxf4 15. Bxf4 O-O-O 16. Bg3 h5 17. Qd3 Qf7 18. h3 h4 19. Bh2 Rh5 20. Rae1 a6 21. Qe4 Rg5 22. Rf5 Rxf5 23. Qxf5+ Kb8 24. Qc5 Rd7 25. b4 Re7 26. Rd1 Qxa2 27. d5 Qe2 28. Qd4 Re4 29. Qd3 Qxd3 30. Rxd3 Ne5 31. Bxe5 Rxe5 32. Rd4 g5 33. Kf2 b5 34. d6 Kc8 35. Kf3 f5 36. c4 Re4 37. Rxe4 fxe4+ 38. Kxe4 bxc4 39. dxc7 Kxc7 40. Kd4 Kd6 41. Kxc4 Ke5 42. Kc5 Kf4 43. Kb6 Kg3 44. Kxa6 Kxg2 45. b5 g4 46. b6 gxh3 47. b7 h2 48. b8=Q h1=Q 49. Qb7+ Kh2 50. Qc7+ Kh3 51. Qd7+ Kg3 52. Qd6+ Kg4 53. Qg6+ Kf4 54. Qf6+ Ke3 55. Qc3+ Ke2 56. Qc2+ Kf1 57. Qd1+ Kg2 58. Qd5+ Kh2 59. Qe5+ Kh3 60. Qf5+ Kg3 61. Qe5+ Kg4 62. Qe6+ Kg5 63. Qe5+ Kg6 64. Qe6+ Kg5 65. Qe5+ Kg4 66. Qe6+ Kg3 67. Qe5+ Kf2 68. Qd4+ Ke2 69. Qc4+ Kd2 70. Qd4+ Kc2 71. Qc4+ Kd2 72. Qd4+ Ke2 73. Qc4+ Ke3 74. Qc3+ Kf4 75. Qf6+ Kg4 76. Qg6+ Kh3 77. Qf5+ Kg3 78. Qg5+ Kf2 79. Qd2+ Kf1 80. Qd1+ Kg2 81. Qd5+ Kh2 82. Qe5+ Kh3 83. Qf5+ 1/2-1/2


[Site "https://www.chess.com"]

[Event "Titled Tuesday Blitz August 22 Early 2023"]
[White "Paravyan, David"]
[Black "Durarbayli, Vasif"]
[WhiteFideId "4194985"]
[BlackFideId "13402935"]
[WhiteElo "2969"]
[BlackElo "2862"]
[Result "1-0"]
[Round "11"]
[TimeControl "180+1"]
[Date "2023.08.22"]
[WhiteClock "0:00:06"]
[BlackClock "0:00:00"]
[Board "11"]

1. Nf3 c5 2. c4 Nf6 3. Nc3 e6 4. g3 b6 5. Bg2 Bb7 6. O-O Be7 7. d4 cxd4 8. Qxd4 d6 9. Rd1 a6 10. b3 Nbd7 11. Bb2 Qc7 12. Rac1 Rc8 13. h3 O-O 14. Qe3 Rfe8 15. g4 h6 16. Nd4 Bf8 17. Bxb7 Qxb7 18. Qf3 Qb8 19. Qg2 Ne5 20. Ne4 Nfd7 21. h4 b5 22. cxb5 Rxc1 23. Rxc1 axb5 24. g5 d5 25. Nd2 hxg5 26. hxg5 Ng6 27. e3 Nde5 28. Ba1 Rc8 29. Rf1 Nc6 30. Qg4 Nxd4 31. Bxd4 Rc2 32. Nf3 b4 33. Kg2 e5 34. Qf5 e4 35. Kh3 Rxa2 36. Nh2 Rc2 37. Ng4 Qc8 38. Qxc8 Rxc8 39. Ra1 Ne7 40. Ra5 Rb8 41. Be5 Nc6 42. Rxd5 Nxe5 43. Nxe5 Re8 44. Kg4 g6 45. Nd7 Bg7 46. Rb5 Rd8 47. Nc5 Rd5 48. Rb8+ Kh7 49. Nxe4 Re5 50. Rxb4 f5+ 51. gxf6 Bf8 52. Rb7+ Kg8 53. f3 1-0


[Site "https://www.chess.com"]

[Event "Titled Tuesday Blitz August 22 Early 2023"]
[White "Zhigalko, Sergei"]
[Black "Galchenko, Matvey"]
[WhiteFideId "13502956"]
[BlackFideId "24175480"]
[WhiteElo "2943"]
[BlackElo "2860"]
[Result "1-0"]
[Round "11"]
[TimeControl "180+1"]
[Date "2023.08.22"]
[WhiteClock "0:00:02"]
[BlackClock "0:00:00"]
[Board "12"]

1. e4 e6 2. d4 d5 3. e5 c5 4. c3 Qb6 5. Nf3 Nc6 6. Bd3 cxd4 7. O-O Bd7 8. Re1 Rc8 9. h4 a6 10. h5 h6 11. a3 Nge7 12. b4 dxc3 13. Nxc3 Nxb4 14. Na4 Bxa4 15. Qxa4+ Nbc6 16. Rb1 Qc7 17. Bd2 Qd7 18. Nh4 Nxe5 19. Qb3 Nxd3 20. Qxd3 Rc4 21. g3 Nc6 22. Nf5 Re4 23. f3 Ne5 24. Qb3 Rxe1+ 25. Rxe1 Nc4 26. Bc3 f6 27. Bd4 Kf7 28. Nh4 e5 29. Ng6 Rg8 30. Bf2 Bd6 31. Rd1 Qc6 32. Qd3 d4 33. Nh4 Bxa3 34. Qg6+ Kf8 35. Qh7 Nd6 36. Ng6+ Kf7 37. Kg2 Bc5 38. Rc1 b6 39. Nh4 e4 40. Qg6+ Kf8 41. Qh7 e3 42. Ng6+ Kf7 43. Bg1 Qd5 44. Nf4 Qf5 45. Ng6 d3 46. Bxe3 d2 47. Bxd2 Qxh5 48. Nh8+ Rxh8 49. Qxh8 Qd5 50. Be1 Qe5 51. Bf2 Qb2 52. Rf1 Nf5 53. Kg1 Nxg3 54. Bxc5 Ne2+ 55. Kf2 1-0


[Site "https://www.chess.com"]

[Event "Titled Tuesday Blitz August 22 Early 2023"]
[White "Kravtsiv, Martyn"]
[Black "CrazyAdvenTures"]
[WhiteFideId "14113147"]
[WhiteElo "2883"]
[BlackElo "2712"]
[Result "1-0"]
[Round "11"]
[TimeControl "180+1"]
[Date "2023.08.22"]
[WhiteClock "0:00:09"]
[BlackClock "0:00:00"]
[Board "13"]

1. e4 c5 2. Nf3 e6 3. d4 cxd4 4. Nxd4 a6 5. Be2 Nf6 6. Nc3 d6 7. O-O Be7 8. f4 O-O 9. Be3 Nc6 10. Kh1 Bd7 11. Qe1 Rc8 12. Qg3 e5 13. Nxc6 Bxc6 14. fxe5 Nxe4 15. Nxe4 Bxe4 16. Bd4 Bg6 17. c3 dxe5 18. Bxe5 Qd2 19. Bg4 Rc4 20. Rf2 Qd8 21. Rd1 Qa5 22. h3 Bh4 23. Qxh4 Qxe5 24. Rd8 Re4 25. Rxf8+ Kxf8 26. Qd8+ Qe8 27. Qd6+ Kg8 28. Rd2 h5 29. Bf3 Re1+ 30. Kh2 Qe3 31. Qb8+ Kh7 32. Rd8 Bf5 33. Rh8+ Kg6 34. Qd6+ Be6 35. Bxh5+ Kf6 36. Qd8+ Ke5 37. Qc7+ Kf6 38. Qd8+ Ke5 39. Qc7+ Kf6 40. Bf3 Qg1+ 41. Kg3 Re3 42. Qf4+ Ke7 43. Qg5+ f6 44. Qxg7+ Bf7 45. Qg4 Qe1+ 46. Kh2 1-0


[Site "https://www.chess.com"]

[Event "Titled Tuesday Blitz August 22 Early 2023"]
[White "Naroditsky, Daniel"]
[Black "Yanchenko, Roman"]
[WhiteFideId "2026961"]
[BlackFideId "4137329"]
[WhiteElo "3169"]
[BlackElo "2832"]
[Result "1-0"]
[Round "11"]
[TimeControl "180+1"]
[Date "2023.08.22"]
[WhiteClock "0:00:36"]
[BlackClock "0:00:00"]
[Board "14"]

1. d4 d5 2. Nc3 Nf6 3. Bf4 c6 4. e3 Bf5 5. Nf3 h6 6. Bd3 Bxd3 7. cxd3 e6 8. h3 Nbd7 9. Qb3 Qb6 10. Qc2 Be7 11. O-O O-O 12. e4 Rac8 13. e5 Nh7 14. Qd2 c5 15. dxc5 Nxc5 16. Rfe1 Qa6 17. Rad1 Na4 18. Nxa4 Qxa4 19. b3 Qb4 20. Qe3 Rc2 21. Rd2 Rxd2 22. Qxd2 Qxd2 23. Bxd2 Rc8 24. Rc1 Rxc1+ 25. Bxc1 Nf8 26. Kf1 Nd7 27. d4 f6 28. exf6 Bxf6 29. Bf4 Kf7 30. Ke2 a6 31. Kd3 Ke8 32. h4 h5 33. g3 Nf8 34. Ne5 g6 35. Ke3 Bg7 36. f3 Bf6 37. a4 Bg7 38. g4 Bf6 39. Bg3 Be7 40. Nd3 Nd7 41. gxh5 gxh5 42. Nf4 Kf7 43. Nxh5 Nf8 44. Nf4 Ng6 45. h5 Nxf4 46. Kxf4 Bf6 47. Bf2 Kg7 48. Kg4 Kh7 49. f4 b5 50. axb5 axb5 51. Be3 Kg7 52. f5 e5 53. h6+ Kf7 54. dxe5 Bxe5 55. Bg5 Bc3 56. Kf3 Bb2 57. Ke2 Bc3 58. Kd3 Bb2 59. Be3 Kg8 60. Bd4 Bc1 61. Bg7 1-0


[Site "https://www.chess.com"]

[Event "Titled Tuesday Blitz August 22 Early 2023"]
[White "Kosakowski, Jakub"]
[Black "So, Wesley"]
[WhiteFideId "1185080"]
[BlackFideId "5202213"]
[WhiteElo "2819"]
[BlackElo "3088"]
[Result "0-1"]
[Round "11"]
[TimeControl "180+1"]
[Date "2023.08.22"]
[WhiteClock "0:00:05"]
[BlackClock "0:00:21"]
[Board "15"]

1. d4 d5 2. Nf3 e6 3. e3 Nf6 4. Bd3 c5 5. b3 b6 6. O-O Bb7 7. Bb2 Nc6 8. Nbd2 Rc8 9. dxc5 Bxc5 10. c4 d4 11. exd4 Nxd4 12. Nxd4 Bxd4 13. Bxd4 Qxd4 14. Nf3 Qf4 15. Be2 Ke7 16. Qd4 Qxd4 17. Nxd4 Rhd8 18. Rad1 Rd7 19. Nb5 a6 20. Rxd7+ Nxd7 21. Nd4 Nc5 22. f3 Rd8 23. Rd1 f5 24. Kf2 Kf6 25. b4 Na4 26. Rd3 a5 27. a3 Ba6 28. Rd2 Nc3 29. Bf1 Nb1 30. Rb2 Rxd4 31. Rxb1 Bxc4 32. Bxc4 Rxc4 33. bxa5 bxa5 34. Rb5 Ra4 35. Rb3 g5 36. g3 h5 37. Ke3 h4 38. f4 Re4+ 39. Kf3 g4+ 40. Kf2 h3 41. Rb5 Ra4 42. Rb3 Rc4 43. Rb5 a4 44. Ra5 Rc2+ 45. Kg1 Rg2+ 46. Kh1 Ra2 0-1


[Site "https://www.chess.com"]

[Event "Titled Tuesday Blitz August 22 Early 2023"]
[White "Grischuk, Alexander"]
[Black "Orozbaev, Eldiar"]
[WhiteFideId "4126025"]
[BlackFideId "13802240"]
[WhiteElo "3019"]
[BlackElo "2809"]
[Result "1/2-1/2"]
[Round "11"]
[TimeControl "180+1"]
[Date "2023.08.22"]
[WhiteClock "0:00:04"]
[BlackClock "0:00:06"]
[Board "16"]

1. d4 Nf6 2. Nf3 c5 3. d5 e6 4. Nc3 exd5 5. Nxd5 Nxd5 6. Qxd5 d6 7. e4 Nc6 8. Bc4 Be6 9. Qd3 Bxc4 10. Qxc4 Be7 11. O-O Qd7 12. Bf4 O-O-O 13. c3 g5 14. Be3 g4 15. Nd2 Ne5 16. Qe2 Rhg8 17. b4 Nf3+ 18. Nxf3 gxf3 19. Qxf3 Qg4 20. Qxg4+ Rxg4 21. f3 Rg6 22. Rfd1 Bg5 23. Bxg5 Rxg5 24. Kf2 Kc7 25. g4 d5 26. h4 Re5 27. Rxd5 Rexd5 28. exd5 Rxd5 29. Re1 Kd7 30. Ke2 cxb4 31. cxb4 Ke6 32. Ke3 a5 33. a3 axb4 34. axb4 h5 35. Kf4+ Kf6 36. g5+ Kg6 37. Re5 Rd4+ 38. Re4 Rd3 39. Rc4 Rb3 40. Rd4 Rc3 41. Rd6+ Kg7 42. Rb6 Rc4+ 43. Kg3 Rc7 44. b5 Rd7 45. Kf4 Rd4+ 46. Kf5 Rxh4 47. Rxb7 Rc4 48. f4 Rc5+ 49. Ke4 h4 50. f5 Kg8 51. Rb8+ Kg7 52. f6+ Kh7 53. Rf8 Rxg5 54. Rxf7+ Kh6 55. Rf8 Rxb5 56. Rg8 Rb4+ 57. Kf5 Rb5+ 58. Kf4 Rb4+ 59. Ke5 Rb5+ 60. Ke4 Rb4+ 61. Kd5 Rb5+ 62. Kc6 Rf5 63. Kd6 Rxf6+ 64. Ke5 Rf1 65. Ke4 Kh5 66. Ke3 h3 67. Rh8+ Kg4 68. Rg8+ Kh4 69. Rh8+ Kg3 70. Rg8+ Kh2 71. Ke2 Rf6 72. Rg7 Rf5 73. Rg8 Rf7 74. Rg6 Kh1 75. Rg5 Rf4 76. Rg6 Kh2 77. Rg7 Ra4 78. Kf2 Ra2+ 79. Kf1 Ra1+ 80. Kf2 Kh1 81. Rg8 Ra2+ 82. Kf1 Rg2 83. Rh8 Kh2 84. Rh7 Rg4 85. Kf2 Rf4+ 86. Ke3 Rf1 87. Ke2 Rf5 88. Rg7 Rf4 89. Ke1 Kh1 90. Ke2 h2 91. Ke1 Re4+ 92. Kf2 Rf4+ 93. Ke2 Rf6 94. Rg8 Ra6 95. Kf2 Ra2+ 96. Kf1 Ra1+ 97. Kf2 Rg1 98. Rf8 Rg2+ 99. Kf1 Rg6 100. Rf7 Rb6 101. Rf8 Rb7 102. Rf6 Rb1+ 103. Kf2 Rb2+ 104. Kf1 Rg2 105. Rf7 Rg1+ 106. Kf2 Rg7 107. Rxg7 1/2-1/2


[Site "https://www.chess.com"]

[Event "Titled Tuesday Blitz August 22 Early 2023"]
[White "Kushko, Dmitriy"]
[Black "Xiong, Jeffery"]
[WhiteFideId "14162261"]
[BlackFideId "2047640"]
[WhiteElo "2771"]
[BlackElo "2989"]
[Result "0-1"]
[Round "11"]
[TimeControl "180+1"]
[Date "2023.08.22"]
[WhiteClock "0:00:00"]
[BlackClock "0:00:50"]
[Board "17"]

1. Nf3 c5 2. e4 d6 3. d4 cxd4 4. Nxd4 Nf6 5. Nc3 a6 6. Bd3 e5 7. Nde2 Be7 8. O-O O-O 9. Ng3 b5 10. b4 Nc6 11. a3 Be6 12. Nd5 Rc8 13. Bb2 Nd7 14. c4 Bxd5 15. exd5 Na7 16. Qe2 Qb6 17. Rac1 Bg5 18. Rc2 bxc4 19. Rxc4 a5 20. Rg4 Bf6 21. Ne4 axb4 22. axb4 Be7 23. Rxg7+ Kxg7 24. Qg4+ Kh8 25. Qxd7 f5 26. Qxe7 fxe4 27. Bxe4 Qc7 28. Qh4 Nb5 29. f4 Nd4 30. h3 Qg7 31. f5 Qf6 32. Qe1 Rc4 33. Rf2 Qh4 34. Kf1 Rb8 35. Rd2 Rcxb4 36. Bxd4 Qxe1+ 37. Kxe1 exd4 38. Ke2 Re8 39. Kf3 Kg7 40. Kf4 d3 0-1


[Site "https://www.chess.com"]

[Event "Titled Tuesday Blitz August 22 Early 2023"]
[White "Preotu, Razvan"]
[Black "Rasulov, Vugar"]
[WhiteFideId "2613280"]
[BlackFideId "13402390"]
[WhiteElo "2720"]
[BlackElo "2893"]
[Result "0-1"]
[Round "11"]
[TimeControl "180+1"]
[Date "2023.08.22"]
[WhiteClock "0:00:00"]
[BlackClock "0:00:47"]
[Board "18"]

1. e4 e5 2. Nf3 Nc6 3. Bc4 Nf6 4. d3 Bc5 5. c3 O-O 6. O-O d6 7. Re1 a6 8. a4 Ba7 9. h3 Ne7 10. d4 Ng6 11. Nbd2 exd4 12. cxd4 d5 13. exd5 Nxd5 14. Ne4 c6 15. Bg5 f6 16. Bd2 Kh8 17. Nc5 Qd6 18. b4 Bb8 19. Qb3 Ngf4 20. b5 a5 21. Rac1 h6 22. Bf1 Bc7 23. Ne4 Qd7 24. Qc2 Qf5 25. bxc6 bxc6 26. Qxc6 Bd7 27. Ng3 Nxh3+ 28. gxh3 Bxg3 29. Qc4 Qxf3 30. fxg3 Qxg3+ 31. Bg2 Nf4 32. Bxf4 Qxf4 33. Qd5 Rad8 34. Qc5 Qg3 35. Rc3 Qxe1+ 0-1


[Site "https://www.chess.com"]

[Event "Titled Tuesday Blitz August 22 Early 2023"]
[White "Hulka, Valentyn"]
[Black "Elsa167"]
[WhiteFideId "34107061"]
[WhiteElo "2754"]
[BlackElo "2879"]
[Result "0-1"]
[Round "11"]
[TimeControl "180+1"]
[Date "2023.08.22"]
[WhiteClock "0:00:35"]
[BlackClock "0:00:57"]
[Board "19"]

1. e4 e5 2. Nf3 Nc6 3. Bb5 a6 4. Ba4 d6 5. d4 exd4 6. Nxd4 Bd7 7. Bxc6 bxc6 8. Nc3 c5 9. Nf5 g6 10. Ne3 Bg7 11. Ned5 h6 12. Qf3 Nf6 13. Nxf6+ Qxf6 14. Qxf6 Bxf6 15. Nd5 Bd8 16. Bf4 f5 17. O-O-O g5 18. Bd2 fxe4 19. h4 gxh4 20. Rde1 O-O 21. Rxe4 Rxf2 22. Bc3 Bg5+ 23. Kb1 Raf8 24. a3 Rxg2 25. Rexh4 Bxh4 26. Rxh4 Rf1+ 27. Ka2 Be6 28. Rh5 Rg5 0-1


[Site "https://www.chess.com"]

[Event "Titled Tuesday Blitz August 22 Early 2023"]
[White "Cordova, Emilio"]
[Black "Wagner, Dennis"]
[WhiteFideId "3801497"]
[BlackFideId "24650684"]
[WhiteElo "2879"]
[BlackElo "2754"]
[Result "1/2-1/2"]
[Round "11"]
[TimeControl "180+1"]
[Date "2023.08.22"]
[WhiteClock "0:01:32"]
[BlackClock "0:00:09"]
[Board "20"]

1. Nf3 Nf6 2. c4 c5 3. g3 b6 4. Bg2 Bb7 5. O-O e6 6. Nc3 Be7 7. d4 cxd4 8. Qxd4 O-O 9. Bg5 h6 10. Bxf6 Bxf6 11. Qf4 Bxc3 12. bxc3 Na6 13. Rfd1 Nc5 14. Nd4 Bxg2 15. Kxg2 Qe7 16. Nb5 f5 17. f3 g5 18. Qd6 Qxd6 19. Nxd6 Kg7 20. Rd4 Kf6 21. Rad1 Rh8 22. e4 e5 23. Rd5 f4 24. Nf5 h5 25. Rd6+ Kf7 26. R1d5 Rae8 27. a4 g4 28. a5 gxf3+ 29. Kxf3 fxg3 30. hxg3 Ne6 31. axb6 axb6 32. Rxd7+ Kg6 33. R5d6 Kg5 34. Rxb6 Rhf8 35. Ke3 Kg4 36. Rdd6 Ng5 37. Rg6 Rc8 38. Rb7 Rxc4 39. Rbg7 Rxe4+ 40. Kd3 Rxf5 41. Rxg5+ Rxg5 42. Rxg5+ Kxg5 43. Kxe4 Kg4 44. c4 Kxg3 45. c5 h4 46. c6 h3 47. c7 h2 48. c8=Q h1=Q+ 49. Kxe5 Qe1+ 1/2-1/2


[Site "https://www.chess.com"]

[Event "Titled Tuesday Blitz August 22 Early 2023"]
[White "Karthik Rajaa"]
[Black "Ilamparthi A R"]
[WhiteFideId "25035215"]
[BlackFideId "45015775"]
[WhiteElo "2718"]
[BlackElo "2874"]
[Result "0-1"]
[Round "11"]
[TimeControl "180+1"]
[Date "2023.08.22"]
[WhiteClock "0:00:13"]
[BlackClock "0:01:46"]
[Board "21"]

1. Nf3 Nf6 2. c4 g6 3. Nc3 Bg7 4. g3 Kf8 5. Bg2 d6 6. d4 h6 7. O-O Kg8 8. e4 Kh7 9. e5 Nfd7 10. Qe2 c5 11. Be3 cxd4 12. Bxd4 Nc6 13. Rad1 Nxd4 14. Nxd4 Nxe5 15. h3 Nc6 16. Nxc6 bxc6 17. Bxc6 Bxh3 18. Rfe1 Rb8 19. Qf3 Rxb2 20. Nd5 e6 21. Ne3 h5 22. Qxf7 Rf8 23. Qd7 Qg5 24. Rf1 Rfxf2 25. Rxf2 Qxe3 0-1


[Site "https://www.chess.com"]

[Event "Titled Tuesday Blitz August 22 Early 2023"]
[White "Yeletsky, Ivan"]
[Black "Dehtiarov, Roman"]
[WhiteFideId "24180327"]
[BlackFideId "14186640"]
[WhiteElo "2870"]
[BlackElo "2719"]
[Result "1-0"]
[Round "11"]
[TimeControl "180+1"]
[Date "2023.08.22"]
[WhiteClock "0:00:10"]
[BlackClock "0:00:06"]
[Board "22"]

1. e4 e5 2. Nf3 Nc6 3. Bb5 a6 4. Ba4 Nf6 5. O-O Be7 6. Bxc6 dxc6 7. d3 Nd7 8. Nc3 O-O 9. Be3 c5 10. Nd2 f6 11. f4 Bd6 12. Nc4 Qe7 13. Nd5 Qd8 14. f5 b5 15. Nd2 Bb7 16. c4 Nb6 17. Rf3 c6 18. Nc3 Be7 19. Bf2 Qd7 20. Rh3 Rfd8 21. Qh5 h6 22. b3 Bf8 23. Qg4 Kh8 24. a4 Qe7 25. Ne2 Rd7 26. Nf3 Rad8 27. Nh4 Qe8 28. Ng6+ Kh7 29. a5 Nc8 30. Rd1 Ne7 31. Nxf8+ Qxf8 32. Bxc5 Qf7 33. Rg3 Nc8 34. h4 Nd6 35. Rf1 Ba8 36. Rff3 Bb7 37. Bb6 Re8 38. Qg6+ Qxg6 39. fxg6+ Kg8 40. h5 Nc8 41. Bc5 Ne7 42. Kf2 Bc8 43. Nc3 Rb7 44. Na2 Be6 45. Nb4 Ra8 46. Re3 Nc8 47. Re1 Rab8 48. Rc1 bxc4 49. Nxc6 Ra8 50. dxc4 Rc7 51. Rd3 Bd7 52. Rcd1 Nd6 53. Rxd6 Rxc6 54. Rxd7 Rcc8 55. Rb7 Kh8 56. Rdd7 Rg8 57. Be7 Rae8 58. c5 Rc8 59. b4 Rce8 60. Kg3 Rc8 61. Bxf6 Rcf8 62. Rxg7 Rxg7 63. Bxg7+ Kg8 64. Bxf8 Kh8 65. c6 Kg8 66. Rd7 Kh8 67. c7 Kg8 68. c8=Q Kh8 69. Bg7# 1-0


[Site "https://www.chess.com"]

[Event "Titled Tuesday Blitz August 22 Early 2023"]
[White "Morefield, Jason"]
[Black "JeRoma71"]
[WhiteFideId "30920825"]
[WhiteElo "2715"]
[BlackElo "2869"]
[Result "1-0"]
[Round "11"]
[TimeControl "180+1"]
[Date "2023.08.22"]
[WhiteClock "0:00:05"]
[BlackClock "0:01:23"]
[Board "23"]

1. e4 e6 2. d4 d5 3. Nc3 Bb4 4. e5 c5 5. a3 Bxc3+ 6. bxc3 Nc6 7. Qg4 g6 8. h4 h6 9. h5 g5 10. f4 f5 11. Qg3 g4 12. dxc5 Qa5 13. Bd2 Nge7 14. Bd3 b6 15. c4 Qa4 16. Ne2 dxc4 17. Nc3 Qa6 18. Be2 Nd4 19. O-O Bb7 20. Rfb1 Nxc2 21. Nb5 O-O 22. Bxc4 Nxa1 23. Nd6 Qa4 24. Bxe6+ Kh8 25. Bc3 Bd5 26. Bxd5 Nxd5 27. Bxa1 Qxf4 28. e6+ Kh7 29. Qd3 Qe3+ 30. Qxe3 Nxe3 31. e7 Rfe8 32. Nxe8 Rxe8 33. cxb6 axb6 34. Rxb6 Rxe7 35. Rb8 Rg7 36. a4 Nc4 37. Bxg7 Kxg7 38. Rb5 Kf6 39. a5 Nd6 40. Rb6 Ke5 41. a6 Nc4 42. Rxh6 f4 43. a7 f3 44. gxf3 gxf3 45. a8=Q Kf4 46. Qb8+ Ne5 47. Rf6+ Kg4 48. Qxe5 Kh3 49. Rxf3+ Kg4 50. Rg3+ Kh4 51. Qg5# 1-0


[Site "https://www.chess.com"]

[Event "Titled Tuesday Blitz August 22 Early 2023"]
[White "Javakhadze, Zurab"]
[Black "Timofeev, Artyom"]
[WhiteFideId "13603647"]
[BlackFideId "4140419"]
[WhiteElo "2715"]
[BlackElo "2852"]
[Result "0-1"]
[Round "11"]
[TimeControl "180+1"]
[Date "2023.08.22"]
[WhiteClock "0:00:36"]
[BlackClock "0:01:58"]
[Board "24"]

1. Nf3 Nf6 2. g3 g6 3. Bg2 Bg7 4. O-O O-O 5. c4 c5 6. Nc3 Nc6 7. d4 cxd4 8. Nxd4 Ng4 9. e3 d6 10. Nxc6 bxc6 11. Bxc6 Rb8 12. Qa4 Ne5 13. Bg2 Bd7 14. Qxa7 Nxc4 15. Nd5 e6 16. Nf4 d5 17. Rb1 Ra8 18. Qc5 Rxa2 19. b3 Ne5 20. Bb2 Qb8 21. Bxe5 Bxe5 22. Nd3 Bd6 23. Qd4 Bb5 24. Rfd1 Rc8 25. e4 Rcc2 26. exd5 e5 27. Qe3 Bxd3 0-1


[Site "https://www.chess.com"]

[Event "Titled Tuesday Blitz August 22 Early 2023"]
[White "Pakleza, Zbigniew"]
[Black "Issabayev, Dias"]
[WhiteFideId "1119290"]
[BlackFideId "13703110"]
[WhiteElo "2846"]
[BlackElo "2637"]
[Result "0-1"]
[Round "11"]
[TimeControl "180+1"]
[Date "2023.08.22"]
[WhiteClock "0:00:01"]
[BlackClock "0:00:06"]
[Board "25"]

1. d4 Nf6 2. Nf3 g6 3. Bf4 Bg7 4. e3 O-O 5. Be2 d5 6. O-O c5 7. c3 Qb6 8. Qb3 Nc6 9. Nbd2 c4 10. Qc2 Bf5 11. Qc1 Ne4 12. Nxe4 Bxe4 13. Nd2 Bf5 14. Bf3 e5 15. dxe5 Nxe5 16. Bxe5 Bxe5 17. Rd1 Rad8 18. g3 Bd3 19. Bg2 Bf6 20. Nf3 h5 21. h4 Be4 22. Nd4 Rfe8 23. Bxe4 Rxe4 24. Nf3 Qe6 25. Kg2 b5 26. Qc2 a5 27. a3 Rb8 28. Rd2 b4 29. axb4 axb4 30. Ra5 bxc3 31. bxc3 Rb3 32. Rdxd5 Rxc3 33. Qd1 Kg7 34. Ra7 Rc1 35. Qd2 c3 36. Qd3 c2 37. Rc5 Qb6 38. Rcc7 Re7 39. Rxe7 Bxe7 40. Rxe7 Rg1+ 41. Kxg1 c1=Q+ 42. Kg2 Qf6 43. Rd7 Qcc6 44. e4 Qc5 45. Rd5 Qa7 46. e5 Qc6 47. Rd6 Qca8 48. e6 Qe7 49. Qc3+ Qf6 50. Qd4 Qxf3+ 51. Kg1 Qxd4 52. Rxd4 fxe6 53. Rf4 Qd1+ 54. Kg2 e5 55. Rf3 Qd5 0-1


[Site "https://www.chess.com"]

[Event "Titled Tuesday Blitz August 22 Early 2023"]
[White "Klukin, Kirill"]
[Black "Yelisieiev, Yevhenii"]
[WhiteFideId "24199273"]
[BlackFideId "14139642"]
[WhiteElo "2831"]
[BlackElo "2591"]
[Result "1-0"]
[Round "11"]
[TimeControl "180+1"]
[Date "2023.08.22"]
[WhiteClock "0:01:25"]
[BlackClock "0:00:29"]
[Board "26"]

1. d4 d6 2. Nf3 Nf6 3. e3 Nbd7 4. c4 e5 5. Nc3 Be7 6. Be2 O-O 7. O-O c6 8. b4 e4 9. Nd2 d5 10. b5 a6 11. bxc6 bxc6 12. cxd5 cxd5 13. a4 a5 14. Ba3 Bb4 15. Bxb4 axb4 16. Nb5 Qe7 17. Qb3 Nb6 18. Rfb1 Bg4 19. Bxg4 Nxg4 20. h3 Nh6 21. a5 Nd7 22. Nc7 Rab8 23. Nxd5 Qh4 24. a6 g5 25. a7 Ra8 26. Qa4 Rfd8 27. Qxb4 g4 28. Qe7 f6 29. Nxe4 Nf5 30. Qe6+ Kh8 31. Qxf5 gxh3 32. Qf4 Qh5 33. Ndxf6 Nxf6 34. Qxf6+ Kg8 35. Qg5+ Qxg5 36. Nxg5 hxg2 37. Kxg2 1-0


[Site "https://www.chess.com"]

[Event "Titled Tuesday Blitz August 22 Early 2023"]
[White "Gontcharov, Vladislav"]
[Black "Bauman_Guy"]
[WhiteFideId "4123492"]
[WhiteElo "2590"]
[BlackElo "2817"]
[Result "1-0"]
[Round "11"]
[TimeControl "180+1"]
[Date "2023.08.22"]
[WhiteClock "0:00:13"]
[BlackClock "0:00:25"]
[Board "27"]

1. d4 Nf6 2. c4 b6 3. Nf3 Bb7 4. d5 e6 5. Nc3 Bb4 6. Bg5 h6 7. Bh4 g5 8. Bg3 Ne4 9. Qd4 O-O 10. Qxe4 f5 11. Qc2 Na6 12. e3 Nc5 13. Bd3 Qf6 14. Bxc7 Rac8 15. Be5 Qe7 16. d6 Qf7 17. a3 Bxc3+ 18. Bxc3 g4 19. Ne5 Qh5 20. Bf1 Be4 21. Qd1 f4 22. Qxg4+ Qxg4 23. Nxg4 Nb3 24. Rd1 fxe3 25. Nxe3 Rf4 26. Be2 Rcf8 27. f3 Bc6 28. Kf2 Nc5 29. Rd4 Ne4+ 30. Ke1 Nxc3 31. Rxf4 Rxf4 32. bxc3 h5 33. Kf2 h4 34. Rd1 e5 35. Ng4 e4 36. Ke3 Rf8 37. fxe4 Ba4 38. Rf1 Rc8 39. Nf6+ Kg7 40. Nd5 Rc6 41. e5 Rc5 42. Kd4 Bc6 43. Bd1 Ra5 44. a4 Kg6 45. Rf4 a6 46. Rxh4 b5 47. cxb5 axb5 48. axb5 Rxb5 49. c4 Rb1 50. Bf3 Kg5 51. Rg4+ Kh6 52. Rg8 Rb2 53. Rf8 Rd2+ 54. Ke3 Rb2 55. Rf6+ Kg7 56. g3 Rb3+ 57. Kd4 Rb2 58. g4 Rd2+ 59. Ke3 Rxh2 60. g5 Rb2 61. e6 Rb3+ 62. Kf4 dxe6 63. Rxe6 Kf7 64. Re7+ Kf8 65. g6 Kg8 66. Nf6+ 1-0


[Site "https://www.chess.com"]